 Dungeon Crawl Stone Soup version 0.29.1-1-gd02db6906a (webtiles) character file.

Game seed: 217554039863004205

60 byup the Covered (level 4, 0/31 HPs)
             Began as a Human Wanderer on Oct 12, 2022.
             Was a Follower of Sif Muna.
             Slain by an orc
             ... wielding a +0 falchion
              (3 damage)
             ... on level 3 of the Dungeon.
             The game lasted 00:10:17 (2109 turns).

byup the Covered (Human Wanderer)                   Turns: 2109, Time: 00:10:18

Health: 0/31       AC:  8    Str: 17    XL:     4   Next: 25%
Magic:  5/5        EV:  9    Int: 10    God:    Sif Muna [*.....]
Gold:   101        SH:  0    Dex: 12    Spells: 4/5 levels left

rFire   . . .      SeeInvis .   f - +2 dagger (vamp)
rCold   . . .      Faith    .   (no shield)
rNeg    . . .      Spirit   .   b - +0 scale mail
rPois   .          Reflect  .   h - +0 helmet
rElec   .          Harm     .   (no cloak)
rCorr   .          Rampage  .   (no gloves)
Will    .....                   (no boots)
Stlth   ..........              (no amulet)
HPRegen 0.10/turn               (no ring)
MPRegen 0.09/turn               (no ring)

@: confused
A: no striking features
a: Renounce Religion, Channel Magic


You were on level 3 of the Dungeon.
You worshipped Sif Muna.
Sif Muna was aware of your devotion.
You visited 1 branch of the dungeon, and saw 3 of its levels.

You collected 101 gold pieces.

Inventory:

Hand Weapons
 a - a +2 spear
 e - a +2 dagger of freezing
 f - a +2 vampiric dagger (weapon)
Missiles
 d - 4 poisoned darts
 g - 17 stones
Armour
 b - a +0 scale mail (worn)
 h - a +0 helmet (worn)
Scrolls
 c - 2 scrolls of teleportation
 n - 2 scrolls of brand weapon
 p - a scroll of amnesia {unknown}
 q - a scroll of butterflies {unknown}
Potions
 i - a potion of berserk rage {unknown}
 j - 3 potions of heal wounds {unknown}
 k - a potion of curing {unknown}
 l - a potion of resistance {unknown}
 m - a potion of mutation {unknown}
 o - 2 potions of brilliance {unknown}


   Skills:
 + Level 0.4 Fighting
 + Level 0.7 Short Blades
 + Level 3.7 Polearms
 + Level 3.7 Armour
 + Level 0.6 Dodging
 + Level 1.0 Spellcasting
 + Level 2.1 Hexes
 + Level 1.0 Evocations


You had 4 spell levels left.
You knew the following spells:

 Your Spells              Type           Power      Damage    Failure   Level
a - Slow                  Hex            16%        N/A       43%         1

Your spell library contained the following spells:

 Spells                   Type           Power      Damage    Failure   Level
 Ensorcelled Hibernation  Hex/Ice        4%         N/A       73%         2
 Passwall                 Tmut/Erth      0%         N/A       86%         2
 Summon Guardian Golem    Hex/Summ       2%         N/A       91%         3
 Swiftness                Air            0%         N/A       97%         3


Dungeon Overview and Level Annotations

Branches:
Dungeon (3/15)

Altars:
Sif Muna


Message History

The orc is severely wounded.
You hear some strange, mumbled words.
Something tries to affect you, but you resist.
The orc hits you with a +0 hand axe.
The orc wizard hits you but does no damage.
You bump into the rock wall.
The orc wizard hits you but does no damage.
Something hits you but does no damage. The orc barely misses you.
You hit the orc.
You kill the orc!
Sif Muna accepts your kill.
The orc wizard hits you with a +0 dagger.
Something hits you.
* * * LOW HITPOINT WARNING * * *
You miss something. Something hits you but does no damage.
You bump into the rock wall.
The orc wizard hits you but does no damage.
The orc hits you but does no damage. Something hits you but does no damage.
You closely miss the orc. The orc wizard barely misses you.
The orc hits you but does no damage. Something hits you but does no damage.
You barely miss the orc wizard.
The orc wizard is lightly wounded.
The orc hits you but does no damage. The orc wizard completely misses you.
Something hits you.
* * * LOW HITPOINT WARNING * * *
You barely miss the orc wizard.
The orc wizard is lightly wounded.
The orc wizard closely misses you. The orc barely misses you.
Something hits you but does no damage.
You're too confused to move!
The orc wizard mumbles some strange words.
The orc wizard flickers and vanishes!
The orc barely misses you. Something hits you but does no damage.
You completely miss something. Something hits you but does no damage.
Something hits you.
* * * LOW HITPOINT WARNING * * *
The orc hits you but does no damage.
You bump into the rock wall.
Something hits you but does no damage. The orc hits you with a +0 falchion.
You die...

#..........
##........##
........... .#
##........###.. ..
#........#.... .
#........#.#.### o
#........#.#... .#
####.......#.#####.#
#.##........@{..#
#.##........{o..#
#.##............#
#.##............#
#.##............#
#.###.##.....####
#.# #.##.....# #.#
#.##.....# #.#
#.##.....#


You could see an orc.

Vanquished Creatures
  2 adders (D:3)
  A worm (D:2)
  An orc (D:3)
  3 bats
  2 endoplasms
  A giant cockroach (D:1)
  5 goblins
  5 hobgoblins
  4 kobolds
  3 quokkas
  3 ball pythons
  7 rats
37 creatures vanquished.

Notes
Turn   | Place    | Note
-------+----------+-------------------------------------------
     0 | D:1      | byup the Human Wanderer began the quest for the Orb.
     0 | D:1      | byup set off with the following items: a +2 spear, a +0
                  | scale mail, a scroll of teleportation; and the following
                  | spell memorised: Slow; and the following spells available
                  | to memorise: Summon Guardian Golem.
     0 | D:1      | Reached XP level 1. HP: 13/13 MP: 2/2
   260 | D:1      | Reached XP level 2. HP: 19/19 MP: 3/3
  1153 | D:2      | Reached XP level 3. HP: 24/24 MP: 4/4
  1168 | D:2      | Found a faded altar of an unknown god.
  1189 | D:2      | Prayed at the altar of an unknown god.
  1189 | D:2      | Became a worshipper of Sif Muna the Loreminder
  1189 | D:2      | Reached * piety under Sif Muna
  1955 | D:3      | Reached XP level 4. HP: 19/31 MP: 5/5
  2109 | D:3      | Slain by an orc

Illustrated notes

Levels and vault maps discovered:
D:1:      eino_arrival_cavern_d, layout_basic
D:2:      layout_loops_ring, ebering_ecumenical_altar_sacrificial
D:3:      layout_basic, uniq_jessica

Action                   |  1- 3 |  4- 6 || total
-------------------------+-------+-------++-------
Melee: Spear             |    27 |       ||    27
       Dagger            |    79 |    30 ||   109
 Cast: Slow              |     1 |       ||     1
  Use: Scroll            |     4 |       ||     4
Armor: Scale mail        |    42 |    30 ||    72
Dodge: Dodged            |    49 |    13 ||    62
